cohdb
Replays
Latest Replays
All Replays
Popular Replays
Top Player Replays
Match Explorer
How It Works
Community
CoH3 Stats
Reddit
Sign in to upload your games and track your stats! →
Sign in with Steam
Match 47011688
Unlisted
Match 47011688
Overview
Messages
Build Orders
End
Vickers Machine Gun Team
Construct Section Command Post
Dingo Light Scout Car
Infantry Section
Infantry Section
Construct Platoon Command Post
Infantry Section
6-pounder Anti-tank Gun Team
Humber Armored Car
CMP 15cwt Truck
6-pounder Anti-tank Gun Team
Construct Company Command Post
Selects Air and Sea Battlegroup
Selects Commando Section Paradrop
Selects Commando Support Section Paradrop
Commando Support Section Paradrop
Selects Incendiary Bombing Run
Selects Supply Surplus
Crazycloud
Kazama Sota
Ash
A_Smoove
Dragon_Man
Grouchy_Goblin
0
0
Comments
sign in to comment!
No comments posted yet!